Map: Ruínas de Seras

Players

Light (SpeCial) - Winner!

  • Race: Terran Terran
  • League: Master

JimRising

  • Race: Zerg Zerg
  • League: Grandmaster

Event: Copa America 2016 Season 1

VOD

Have the link to the VOD?

Description

Time

  • Played on: Feb. 16, 2016, 5:49 p.m.
  • Length: 6:23

All games in this series

Show
View Real Time Build Order
Export as new Build Order

Light Terran - Winner!

Build Orders: Liberator Opening, Reaper Expand 

Get SALT Encoding   

  12  0:01  SCV  
  13  0:13  SCV  
  14  0:17  Supply Depot  
  14  0:25  SCV  
  15  0:39  SCV  
  15  0:41  Barracks  
  16  0:47  Refinery  
  16  0:51  SCV  
  17  1:03  SCV  
  18  1:15  SCV  
  19  1:30  Reaper, Orbital Command  
  20  1:44  Command Center  
  20  1:53  Supply Depot  
  20  1:55  SCV  
  21  2:02  Marine  
  21  2:07  SCV  
  23  2:13  Factory  
  23  2:19  SCV  
  23  2:20  Refinery  
  24  2:24  Barracks Reactor  
  24  2:31  SCV  
  25  2:44  SCV  
  26  2:56  SCV, Orbital Command  
  27  2:59  Starport  
  27  3:07  Hellion x2, Barracks Tech Lab  
  27  3:08  SCV  
  32  3:20  SCV  
  32  3:26  SCV  
  34  3:28  Hellion  
  34  3:32  SCV  
  37  3:37  Supply Depot  
  37  3:40  SCV  
  38  3:43  Hellion  
  38  3:44  Viking, SCV  
  38  3:47  Barracks Tech Lab  
  43  3:50  Hellion  
  45  3:57  Liberator, SCV  
  45  3:59  SCV  
  46  4:03  Supply Depot  
  46  4:05  Hellion  
  46  4:06  Marine  
  49  4:11  Hellion  
  49  4:16  Bunker  
  54  4:21  Supply Depot  
  54  4:25  Supply Depot, SCV x2  
  54  4:27  Hellion  
  57  4:43  Marine  
  56  4:50  Hellion x2  
  53  4:59  SCV  
  33  5:16  SCV  
  36  5:38  SCV  
  36  5:39  SCV  
  36  5:42  Marine  
  37  5:44  Hellion  
  37  5:45  Hellion  
  41  5:58  SCV x2  
  41  6:00  Marine  
Show
View Real Time Build Order
Export as new Build Order

JimRising Zerg 

Build Orders: Hatch First 

Get SALT Encoding   

  12  0:00  Drone  
  13  0:12  Overlord  
  13  0:18  Drone  
  14  0:31  Drone x2  
  14  0:35  Drone  
  17  0:54  Hatchery  
  16  0:57  Drone  
  16  1:00  Drone  
  16  1:03  Extractor  
  17  1:17  Spawning Pool  
  16  1:20  Drone  
  16  1:24  Drone  
  18  1:29  Drone  
  19  1:40  Overlord  
  19  2:04  Zergling x4  
  19  2:05  Metabolic Boost, Queen  
  23  2:10  Queen  
  23  2:14  Zergling x2  
  26  2:21  Drone x2  
  28  2:24  Drone  
  28  2:29  Drone  
  30  2:32  Drone  
  31  2:41  Pneumatized Carapace  
  31  2:46  Queen  
  33  2:53  Overlord  
  33  2:58  Overlord  
  33  3:06  Drone  
  33  3:07  Evolution Chamber  
  33  3:09  Zergling x4  
  35  3:15  Zergling x4  
  35  3:17  Zergling x2  
  38  3:37  Zergling x6  
  41  3:42  Zergling x6  
  41  3:47  Zergling x2  
  45  3:49  Overlord  
  44  3:56  Extractor  
  43  4:08  Zergling x6  
  43  4:09  Zergling x6  
  49  4:12  Zergling x2  
  51  4:21  Zergling x2  
  53  4:24  Zergling x2  
  46  4:44  Zergling x6  
  47  4:58  Zergling x6  
  44  5:06  Zergling x4  
  34  5:10  Queen x2  
  34  5:13  Drone  
  36  5:18  Drone  
  37  5:22  Hatchery  
  37  5:26  Drone  
  35  5:29  Drone  
  35  5:35  Drone  
  37  5:38  Overlord  
  37  5:56  Zergling x2  
  30  6:06  Zergling x2  
Tags
 
Add a new tag
Caveats
  • Supply blocks, unpowered buildings, or Contaminate may cause inaccurate times.
  • Supply counts are checked every 10 seconds.